 Dungeon Crawl Stone Soup version 0.25.1-2-g60ff931 (webtiles) character file.

Game seed: 12401224184462057588

1300 curiousnu the Slasher (level 8, 0/61 HPs)
             Began as a Demonspawn Berserker on Sept 18, 2020.
             Was a Priest of Trog.
             Slain by Grinder (7 damage)
             ... on level 6 of the Dungeon.
             The game lasted 00:09:07 (3698 turns).

curiousnu the Slasher (Demonspawn Berserker)        Turns: 3698, Time: 00:09:07

Health: 0/61       AC: 10    Str: 19    XL:     8   Next: 31%
Magic:  8/8        EV: 12    Int:  9    God:    Trog [***...]
Gold:   222        SH:  0    Dex: 13    Spells: 7/7 levels left

rFire    . . .     SeeInvis .   a - +0 falchion
rCold    . . .     Gourm    .   (no shield)
rNeg     . . .     Faith    .   i - +0 ring mail (curse)
rPois    .         Spirit   .   (helmet restricted)
rElec    .         Reflect  .   b - scarf {repulsion}
rCorr    .         Harm     .   n - +1 pair of gloves
MR       .....                  (no boots)
Stlth    +.........             (no amulet)
HPRegen  0.20/turn              (no ring)
MPRegen  0.11/turn              (no ring)

@: repel missiles
A: horns 1, molten scales 1, powered by death 1
a: Berserk, Trog's Hand, Renounce Religion


You were on level 6 of the Dungeon.
You worshipped Trog.
Trog was most pleased with you.
You were not hungry.

You visited 1 branch of the dungeon, and saw 5 of its levels.

You collected 222 gold pieces.

Inventory:

Hand Weapons
 a - a +0 falchion (weapon)
Missiles
 q - 4 poisoned darts (quivered)
Armour
 b - a scarf of repulsion (worn)
 i - a cursed +0 ring mail (worn)
 j - a cursed -1 pair of gloves
 k - a cursed +0 scale mail
 n - a +1 pair of gloves (worn)
Scrolls
 f - 2 scrolls of identify {unknown}
 g - a scroll of remove curse {unknown}
 m - a scroll of fog {unknown}
 o - a scroll of noise {unknown}
 p - a scroll of enchant armour {unknown}
Potions
 d - a potion of magic {unknown}
 e - a potion of ambrosia {unknown}
 h - a potion of curing
 l - a potion of cancellation {unknown}
Comestibles
 c - a ration


   Skills:
 + Level 4.3 Fighting
 + Level 6.3 Long Blades
 * Level 6.1 Armour
 + Level 3.5 Dodging


You had 7 spell levels left.
You didn't know any spells.
Your spell library was empty.

Dungeon Overview and Level Annotations

Branches:
Dungeon (4/15)
 Temple: D:4-7

Altars:
Hepliaklqana
Nemelex Xobeh

Annotations:
D:4 Menkaure
D:6 Grinder, Prince Ribbit


Innate Abilities, Weirdness & Mutations

You have a pair of small horns on your head.
You are partially covered in molten scales. (AC +2)
You regenerate a little health from kills.


Message History

The crimson imp is heavily wounded.
Grinder hits you but does no damage.
The crimson imp hits you but does no damage.
You miss the crimson imp.
The crimson imp is heavily wounded.
Grinder hits you!
* * * LOW HITPOINT WARNING * * *
You writhe in agony.
* * * LOW HITPOINT WARNING * * *
You barely miss the crimson imp.
The crimson imp is heavily wounded.
The crimson imp closely misses you.
You riposte.
You closely miss the crimson imp.
The crimson imp is moderately wounded.
Prince Ribbit blinks!
Grinder misses you.
You hit the crimson imp. Your headbutt misses the crimson imp.
The crimson imp is heavily wounded.
The crimson imp hits you but does no damage.
Grinder hits you!
You die...

#(# #o# #.# #.# #(#
#######.############
.......(............
##$.#######(############
.....Z5@5...#
##..#########


You could see Grinder, a crimson imp and a bullfrog skeleton.

Vanquished Creatures
  5 yaks (D:6)
  2 ice beasts
  A howler monkey (D:3)
  A hound (D:3)
  2 orc wizards (D:6)
  Jessica (D:3)
  2 worker ants (D:6)
  Robin (D:3)
  4 gnolls (D:3)
  4 adders
  A shadow imp (D:6)
  3 oozes
  A worm (D:3)
  5 dart slugs
  2 leopard geckos
  4 orcs
  A ball python (D:1)
  7 bats
  6 giant cockroaches
  17 goblins
  7 hobgoblins
  10 jackals
  4 kobolds
  2 quokkas
  6 frilled lizards
  15 rats
114 creatures vanquished.

Notes
Turn   | Place    | Note
-------+----------+-------------------------------------------
     0 | D:1      | curiousnu the Demonspawn Berserker began the quest for the
                  | Orb.
     0 | D:1      | Reached XP level 1. HP: 18/18 MP: 1/1
    25 | D:1      | Gained mutation: You regenerate a little health from kills.
                  | [demonic ancestry]
    25 | D:1      | Reached XP level 2. HP: 18/24 MP: 2/2
   673 | D:1      | Gained mutation: You are partially covered in molten
                  | scales. (AC +2) [demonic ancestry]
   673 | D:1      | Reached XP level 3. HP: 23/29 MP: 3/3
  1128 | D:1      | Reached ** piety under Trog
  1806 | D:2      | Reached XP level 4. HP: 23/35 MP: 4/4
  2170 | D:2      | Found a hazy altar of Hepliaklqana.
  2358 | D:3      | Reached *** piety under Trog
  2358 | D:3      | Noticed Robin
  2390 | D:3      | Killed Robin
  2395 | D:3      | Reached XP level 5. HP: 14/41 MP: 5/5
  2908 | D:3      | Found a sparkling altar of Nemelex Xobeh.
  2949 | D:3      | Reached XP level 6. HP: 18/48 MP: 6/6
  3143 | D:4      | Noticed Menkaure
  3143 | D:4      | Noticed an ice beast
  3151 | D:3      | Killed an ice beast
  3426 | D:3      | Noticed Jessica
  3439 | D:3      | Killed Jessica
  3524 | D:3      | You fall into a shaft and drop 3 floors!
  3525 | D:6      | Noticed an ice beast
  3543 | D:6      | Killed an ice beast
  3557 | D:6      | Noticed a yak
  3557 | D:6      | Noticed a yak
  3557 | D:6      | Noticed a yak
  3558 | D:6      | Noticed a yak
  3575 | D:6      | Noticed a yak
  3583 | D:6      | Killed a yak
  3583 | D:6      | Reached skill level 5 in Long Blades
  3583 | D:6      | Gained mutation: You have a pair of small horns on your
                  | head. [demonic ancestry]
  3583 | D:6      | Reached XP level 7. HP: 53/53 MP: 7/7
  3587 | D:6      | Killed a yak
  3587 | D:6      | Reached **** piety under Trog
  3602 | D:6      | HP: 2/53 [yak (13)]
  3616 | D:6      | Killed a yak
  3616 | D:6      | Reached skill level 5 in Armour
  3616 | D:6      | Noticed Prince Ribbit
  3624 | D:6      | Killed a yak
  3624 | D:6      | Reached XP level 8. HP: 25/60 MP: 8/8
  3656 | D:6      | Noticed Grinder
  3666 | D:6      | Paralysed by something for 5 turns
  3698 | D:6      | Slain by Grinder

Illustrated notes

Levels and vault maps discovered:
D:1:      wander_arrival_fairy_ring, layout_loops_ring, moated_statue,
          minmay_tiny_reverse_x
D:2:      layout_loops_ring, overflow_temple_1_default
D:3:      minmay_skewed_foursquare, layout_basic, lemuel_crystal_altar,
          uniq_robin, uniq_jessica
D:4:      layout_rooms, lightli_temple_of_fire, first_ration,
          minmay_misc_feat_iff, uniq_menkaure
D:6:      layout_basic, gammafunk_temple_overflow_wave, serial_shops, shop,
          uniq_sigmund, uniq_maggie, uniq_grinder, uniq_prince_ribbit1

Skill      XL: |  1  2  3  4  5  6  7  8 |
---------------+-------------------------+-----
Long Blades    | 3 4 5 6 |  6.3
Dodging        | 2 3 |  3.5
Armour         | 2 3 4 5 6 |  6.1
Fighting       | 4 |  4.3

Action                   |  1- 3 |  4- 6 |  7- 9 || total
-------------------------+-------+-------+-------++-------
Melee: Falchion          |   146 |   217 |    78 ||   441
       Headbutt          |       |       |    17 ||    17
Invok: Berserk           |     1 |     3 |     1 ||     5
       Trog's Hand       |       |     1 |     3 ||     4
  Use: Potion            |       |       |     1 ||     1
  Eat: Chunk             |     3 |     8 |       ||    11
       Ration            |       |     1 |     1 ||     2
Armor: Ring mail         |    66 |   117 |    46 ||   229
       Animal skin       |     4 |       |       ||     4
Dodge: Dodged            |    89 |   179 |    58 ||   326
       Repelled          |     1 |     5 |     4 ||    10
       Rpst.: Falchion   |    26 |    47 |    13 ||    86
